 Dungeon Crawl Stone Soup version 0.31.0-32-g396128a36d (webtiles) character file.

Game seed: 14169375486527658723

797 PaiMei the Grave Robber (level 7, -1/48 (52) HPs)
             Began as a Demonspawn Necromancer on Apr 2, 2024.
             Slain by a weeping skull (3 damage)
             ... in an ossuary.
             The game lasted 00:07:12 (4272 turns).

PaiMei the Grave Robber (Demonspawn Necromancer)    Turns: 4272, Time: 00:07:13

HP:   -1/48 (52)    AC:  4    Str:  9    XL:     7   Next: 58%
MP:   22/22         EV: 13    Int: 17    God:
Gold: 191           SH:  4    Dex: 13    Spells: 10/14 levels left

rFire   . . .        g - +0 hand axe
rCold   . . .        (no shield)
rNeg    . . .        a - +0 robe
rPois   .            (helmet restricted)
rElec   .            (no cloak)
rCorr   .            (no gloves)
SInv    .            (no boots)
Will    .....        (no amulet)
Stlth   ++           h - ring of magical power
HPRegen 0.28/turn    (no ring)
MPRegen 0.18/turn

%: no passive effects
@: drained
A: antennae 1, molten scales 1, demonic guardian 1, condensation shield
a: no special abilities


You were in an ossuary.
You visited 1 branch of the dungeon, and saw 4 of its levels.
You also visited: Ossuary.

You collected 191 gold pieces.

Inventory:

Hand Weapons
 g - a +0 hand axe (weapon)
Armour
 a - a +0 robe (worn)
 q - a +1 scale mail of fire resistance
Jewellery
 h - a ring of magical power (left hand)
Wands
 n - a wand of mindburst (3)
 s - a wand of flame (18)
Scrolls
 c - 4 scrolls of identify {unknown}
 k - 4 scrolls of noise
 m - a scroll of revelation {unknown}
 o - 2 scrolls of teleportation {unknown}
 r - a scroll of fog {unknown}
Potions
 b - a potion of magic
 d - a potion of curing {unknown}
 e - a potion of mutation
 f - a potion of cancellation {unknown}
 i - a potion of degeneration
 j - a potion of ambrosia {unknown}
 l - a potion of attraction {unknown}
 p - 2 potions of berserk rage {unknown}
 t - 2 potions of heal wounds {unknown}


   Skills:
 + Level 3.6 Fighting
 + Level 4.2 Dodging
 - Level 2.2 Stealth
 + Level 4.3 Spellcasting
 + Level 6.4 Necromancy


You had 10 spell levels left.
You knew the following spells:

 Your Spells              Type           Power      Damage    Failure   Level
a - Necrotise             Necr           100%       1d9       1%          1
b - Vampiric Draining     Necr           25%        2d7       3%          3

Your spell library contained the following spells:

 Spells                   Type           Power      Damage    Failure   Level
 Animate Dead             Necr           25%        N/A       11%         4
 Curse of Agony           Necr           25%        N/A       30%         5
 Dazzling Flash           Conj/Hex       6%         N/A       43%         3
 Mephitic Cloud           Conj/Alch/Air  3%         N/A       43%         3
 Summon Ice Beast         Ice/Summ       3%         N/A       43%         3
 Silence                  Hex/Air        1%         N/A       99%         5
 Summon Mana Viper        Hex/Summ       3%         N/A       99%         5
 Monstrous Menagerie      Summ           1%         N/A       100%        7


Dungeon Overview and Level Annotations

Branches:
Dungeon (4/15)            Ossuary (1/1)
 Temple: D:4-7

Altars:


Innate Abilities, Weirdness & Mutations

You have a pair of small antennae on your head.
You are partially covered in molten scales. (AC +2)
A weak demonic guardian rushes to your aid.
A meltable shield of frost defends you. (SH +4)


Message History

The wave of grief passes through you.
You hit the weeping skull.
The weeping skull is moderately damaged.
You hit the human zombie. The weeping skull touches you.
You feel drained. The human zombie hits you.
You hit the weeping skull but do no damage.
The weeping skull is moderately damaged.
You hit the human zombie but do no damage.
The weeping skull touches you but does no damage.
The human zombie hits you.
You hit the weeping skull but do no damage.
The weeping skull is moderately damaged.
You hit the human zombie. The weeping skull touches you!
* * * LOW HITPOINT WARNING * * *
The human zombie hits you.
* * * LOW HITPOINT WARNING * * *
A demonic guardian appears!
The weeping skull unleashes gushing sobs.
The wave of grief passes through you.
Okay, then.
Unknown command.
Okay, then.
Unknown command.
Unknown command.
Unknown command.
Unknown command.
Aiming: Throw Flame
Press: ? - help, Shift-Dir - straight line, f - weeping skull
Aim: a weeping skull (moderately damaged, 97% to hit)
The puff of flame hits the weeping skull.
The weeping skull is heavily damaged.
The human zombie hits you.
* * * LOW HITPOINT WARNING * * *
Your quasit closely misses the human zombie.
Your quasit claws the human zombie but does no damage.
Your quasit claws the human zombie.
The weeping skull touches you!
* * * LOW HITPOINT WARNING * * *
You feel drained.
You die...
The weeping skull crumbles to pieces from sheer guilt.

#### #### !.° #!?!
!!° ??? #.# #^# ###☼#
###+### #^# #.5°##
##.....## ##''
,#Zz###.......###..#
#°@°○^........'...#
###°#○°....⌠....'.#.#
#.#...'.........'...#
#.#..###.......###..#
#.''## ##.....## ##')
###.# ##+#'## #.# #.#
#...# ##.# ??. ##.##
#... #!?!# #.∩.# #...


You could see a weeping skull, a human zombie (ally target) and a friendly
quasit (summoned).

Vanquished Creatures
  Sigmund (D:3)
  An ogre (D:4)
  A burial acolyte (Ossuary)
  3 hounds (D:4)
  An orc priest (D:3)
  Ijyb (D:3)
  Natasha (twice) (D:2)
  2 mummies (Ossuary)
  Robin (D:2)
  4 adders
  5 dart slugs
  4 ribbon worms
  8 orcs (D:3)
  6 bats
  5 endoplasms
  2 giant cockroaches (D:2)
  9 hobgoblins
  6 jackals
  10 kobolds
  3 quokkas
  4 ball pythons
  A frilled lizard (D:1)
  12 goblins
  4 kobold zombies (Ossuary)
  2 orc zombies (Ossuary)
  5 rats (D:2)
103 creatures vanquished.

Vanquished Creatures (collateral kills)
  An ogre (D:4)
  A mummy (Ossuary)
  A dart slug (D:4)
  A ribbon worm (D:2)
  A jackal (D:2)
  2 kobolds
  A ball python (D:4)
  A frilled lizard (D:1)
  A kobold zombie (Ossuary)
  2 rats (D:1)
12 creatures vanquished.

Grand Total: 115 creatures vanquished

Notes
Turn   | Place    | Note
-------+----------+-------------------------------------------
     0 | D:1      | PaiMei the Demonspawn Necromancer began the quest for the
                  | Orb.
     0 | D:1      | Reached XP level 1. HP: 13/13 MP: 3/3
   129 | D:1      | Gained mutation: You have a pair of small antennae on your
                  | head. [demonic ancestry]
   129 | D:1      | Reached XP level 2. HP: 19/19 MP: 0/5
   723 | D:1      | Gained mutation: A weak demonic guardian rushes to your
                  | aid. [demonic ancestry]
   723 | D:1      | Reached XP level 3. HP: 24/24 MP: 6/6
   841 | D:2      | Noticed Robin
  1426 | D:2      | Killed Robin
  1427 | D:2      | Reached XP level 4. HP: 31/31 MP: 7/7
  1563 | D:2      | Noticed Natasha
  1577 | D:2      | Killed Natasha
  1578 | D:2      | Reached skill level 1 in Fighting
  1578 | D:2      | Reached skill level 5 in Necromancy
  1948 | D:2      | Noticed Natasha
  1960 | D:2      | Killed Natasha
  1961 | D:2      | Gained mutation: You are partially covered in molten
                  | scales. (AC +2) [demonic ancestry]
  1961 | D:2      | Reached XP level 5. HP: 29/37 MP: 9/9
  2300 | D:3      | Learned a level 3 spell: Vampiric Draining
  2489 | D:3      | Noticed Ijyb
  2493 | D:3      | Killed Ijyb
  3010 | D:3      | Noticed Sigmund
  3016 | D:3      | Killed Sigmund
  3017 | D:3      | Reached XP level 6. HP: 45/46 MP: 9/11
  3650 | D:4      | Reached skill level 6 in Necromancy
  3650 | D:4      | Gained mutation: A meltable shield of frost defends you.
                  | (SH +4) [demonic ancestry]
  3650 | D:4      | Reached XP level 7. HP: 36/52 MP: 0/13
  3758 | D:4      | Found a sand-covered staircase.
  3763 | Ossuary  | Entered an ossuary
  4272 | Ossuary  | HP: 2/50 [weeping skull (8)]
  4272 | Ossuary  | Slain by a weeping skull

Illustrated notes

Levels and vault maps discovered:
D:1:      minmay_arrival_shoal_huts, layout_rooms
D:2:      layout_basic, uniq_natasha, uniq_robin
D:3:      layout_loops_cross, minmay_close_crescents, uniq_ijyb, uniq_sigmund
D:4:      layout_gridville, bloody_makhleb, enter_ossuary_5
Ossuary:  ossuary_crypta

Skill      XL: |  1  2  3  4  5  6  7 |
---------------+----------------------+-----
Stealth        | 2 |  2.2
Dodging        | 2 3 4 |  4.2
Fighting       | 1 2 3 |  3.6
Necromancy     | 5 6 |  6.4
Spellcasting   | 3 4 |  4.3

Action                     |  1- 3 |  4- 6 |  7- 9 || total
---------------------------+-------+-------+-------++-------
  Melee: Dagger            |     5 |       |       ||     5
         Hand axe          |    10 |    20 |    68 ||    98
         Punch             |       |       |     2 ||     2
   Cast: Necrotise         |    80 |   116 |     4 ||   200
         Vampiric Draining |       |    14 |     7 ||    21
  Evoke: Wand              |       |       |     1 ||     1
   Stab: Sleeping          |       |       |     1 ||     1
 Armour: Robe              |    33 |    29 |    34 ||    96
  Dodge: Dodged            |    49 |    44 |    46 ||   139
  Block: Other             |       |       |    15 ||    15
